 Dungeon Crawl Stone Soup version 0.31-a0-18-gea43df2a32 (webtiles) character file.

Game seed: 4496773098712711466

46874 Gargoyl the Cleaver (level 14, -6/91 HPs)
             Began as a Gargoyle Berserker on May 11, 2023.
             Was a Priest of Trog.
             Constricted to death by Jorgrun (9 damage)
             ... on level 13 of the Dungeon.
             The game lasted 00:25:33 (15603 turns).

Gargoyl the Cleaver (Gargoyle Berserker)           Turns: 15603, Time: 00:25:33

Health: -6/91      AC: 25    Str: 37    XL:     14   Next: 39%
Magic:  14/14      EV: 10    Int: 11    God:    Trog [***...]
Gold:   1341       SH: 21    Dex: 11    Spells: 13/13 levels left

rFire   . . .        a - +6 hand axe
rCold   + + +        y - +0 tower shield
rNeg    + . .        F - +4 skin of Zhor {*Englaciate rC+++ SInv}
rPois   ∞            u - +2 helmet of Mamym {Contam rElec rCorr Int+4}
rElec   +            d - +2 cloak
rCorr   +            z - +0 pair of gloves
SInv    +            (no boots)
Will    +++..        N - amulet of reflection
Stlth   ++           g - +6 ring of strength
HPRegen 1.35/turn    G - +6 ring of strength
MPRegen 0.14/turn

%: reflection, clarity
@: grasped by roots, strong-willed, flying, regenerating, constricted
A: sickness immunity, AC +10, big wings, negative energy resistance 1,
electricity resistance, torment resistance 1, petrification resistance, clarity
a: Renounce Religion, Berserk, Trog's Hand


You were on level 13 of the Dungeon.
You worshipped Trog.
Trog was most pleased with you.
You visited 2 branches of the dungeon, and saw 18 of its levels.

You collected 1423 gold pieces.
You spent 82 gold pieces at shops.

Inventory:

Hand Weapons
 a - a +6 hand axe (weapon)
 x - a +2 short sword of draining
 L - a +4 demon trident of electrocution
 O - a +4 scimitar of flaming
Missiles
 p - 8 curare-tipped darts (quivered)
 A - 19 poisoned darts
Armour
 d - a +2 cloak (worn)
 m - the +0 ring mail of the Everdark {Rampage Int+3}
   (You found it on level 2 of the Dungeon)

   Int:       It affects your intelligence (+3).
   Rampage:   It bestows one free step when moving towards enemies.
 u - the +2 helmet of Mamym (worn) {Contam rElec rCorr Int+4}
   (You acquired it on level 8 of the Dungeon)

   Int:       It affects your intelligence (+4).
   rElec:     It insulates you from electricity.
   Contam:    It causes magical contamination when unequipped.
   rCorr:     It protects you from acid and corrosion.
 y - a +0 tower shield (worn)
 z - a +0 pair of gloves (worn)
 F - the +4 skin of Zhor (worn) {*Englaciate rC+++ SInv}
   (You found it on level 11 of the Dungeon)

   *Englaciate: It radiates cold, occasionally slowing all nearby creatures who
   are not resistant to cold.
   rC:        It renders you almost immune to cold.
   SInv:      It lets you see invisible.
Jewellery
 g - a +6 ring of strength (left hand)
 G - a +6 ring of strength (right hand)
 N - an amulet of reflection (around neck)
Wands
 e - a wand of polymorph (9)
 h - a wand of paralysis (31)
 k - a wand of roots (23)
 s - a wand of light (24)
 B - a wand of flame (18)
 J - a wand of digging (5)
 M - a wand of mindburst (8)
Scrolls
 f - 2 scrolls of silence
 j - 10 scrolls of teleportation
 o - 2 scrolls of summoning
 v - 12 scrolls of identify
 D - a scroll of fear
 E - 2 scrolls of magic mapping
 H - a scroll of enchant armour
 I - 3 scrolls of fog
Potions
 b - 3 potions of mutation
 c - 4 potions of might
 i - 11 potions of curing
 l - 3 potions of invisibility
 n - a potion of magic {unknown}
 q - 2 potions of berserk rage
 r - 4 potions of haste
 t - a potion of heal wounds
 w - 2 potions of ambrosia
 C - 5 potions of flight
 K - a potion of cancellation


   Skills:
 + Level 11.8 Fighting
 + Level 14.3 Axes
 + Level 9.2 Armour
 + Level 7.4 Dodging
 + Level 4.4 Stealth
 + Level 12.2 Shields


You had 13 spell levels left.
You didn't know any spells.
Your spell library was empty.

Dungeon Overview and Level Annotations

Branches:
Dungeon (13/15)            Temple (0/1) D:5            Lair (5/5) D:10
  Swamp (0/4) Lair:3        Snake (0/4) Lair:2        Slime (0/5) Lair:4
    Orc (0/2) D:11
 Vaults: D:13-14

Altars:
Cheibriados
Dithmenos
Gozag
Makhleb
Okawaru
Qazlal
Ru
Trog
Uskayaw
Wu Jian
Xom
Zin
The Shining One

Shops:
D:2 !   D:3 *

Annotations:
D:13 Jorgrun


Innate Abilities, Weirdness & Mutations

You are immune to sickness and miasma.
Your stone body is resilient. (AC +10)
You are immune to poison.
Your large and strong wings let you fly.
You resist negative energy. (rN+)
You are resistant to electric shocks. (rElec)
You are resistant to unholy torment.
You are immune to petrification.
You possess an exceptional clarity of mind.


Message History

Jorgrun is lightly wounded.
Your ogre closely misses Jorgrun.
You block Jorgrun's attack.
You miss Jorgrun.
Jorgrun is lightly wounded.
You slash Jorgrun!
Jorgrun is lightly wounded.
Jorgrun points at you and mumbles some strange words.
Roots burst forth from the earth!
The grasping roots grab you! The grasping roots constrict you.
Your ogre misses Jorgrun. You slash Jorgrun!
Jorgrun is moderately wounded.
Jorgrun casts a spell next to you.
The stone door frame shatters!
The blast of rock fragments hits you but does no damage.
The grasping roots constrict you.
You closely miss Jorgrun.
Jorgrun is moderately wounded.
Your ogre closely misses Jorgrun.
The roots grasp on you weakens, but your attempt to escape fails.
Jorgrun points at you and mumbles some strange words.
You resist with almost no effort. The grasping roots constrict you!
Unknown command.
You hit Jorgrun.
Jorgrun is moderately wounded.
Jorgrun casts a spell at you. The iron shot hits you!!
The grasping roots constrict you!
Your ogre closely misses Jorgrun.
You hit Jorgrun.
Jorgrun is moderately wounded.
You block Jorgrun's attack. The grasping roots constrict you!
* * * LOW HITPOINT WARNING * * *
You slash Jorgrun!
Jorgrun is moderately wounded.
Your ogre misses Jorgrun. Jorgrun casts a spell at you. The iron shot hits you!
* * * LOW HITPOINT WARNING * * *
The grasping roots constrict you!
You die...

......##....#.......###..'......#
......#####.........# ####......#
......# ###.......# #......#
......# #.......# #......#
......# ##.###### #......+
......# #..# #......# ###+###
##.# ##+##### ###'##### #...@...#
#.$.g...# +....O..+ #.......#
#.......# #.......# #.......#
###+#####


You could see Jorgrun (ally target) and a friendly ogre (summoned, berserk,
slow).

Vanquished Creatures
  A hydra (Lair:2)
  Fannar (Lair:1)
  4 catoblepae (Lair:5)
  A two-headed ogre (D:11)
  12 death yaks
  Urug (Lair:4)
  Sonja (Lair:5)
  A fire crab (Lair:3)
  A skeletal warrior (D:10)
  3 bog bodies (Lair:3)
  A deep elf pyromancer (D:13)
  An ugly thing (D:11)
  4 manticores
  18 elephants
  6 black mambas
  A gargoyle (D:12)
  Maggie (D:8)
  2 rime drakes (Lair:1)
  A kobold demonologist (D:10)
  5 cane toads
  8 komodo dragons
  An efreet (D:13)
  2 trolls
  A hornet (D:9)
  A polar bear (Lair:4)
  4 blink frogs (Lair:5)
  6 dream sheep (Lair:5)
  3 slime creatures (D:12)
  A shadow (D:11)
  A spriggan (Lair:2)
  A wraith (D:10)
  2 basilisks
  Grum (D:9)
  31 yaks
  2 vampire mosquitoes (D:12)
  A steam dragon (D:8)
  2 swamp worms (Lair:3)
  9 water moccasins
  An acid dragon (D:10)
  5 orc warriors
  An ice beast (D:5)
  3 black bears
  An ogre (D:6)
  8 centaurs
  15 wolves
  5 phantoms
  3 kobold brigands
  13 bullfrogs
  2 scorpions
  3 wights (D:7)
  18 killer bees
  2 electric eels (Lair:3)
  6 howler monkeys
  3 hounds
  5 orc priests
  2 sleepcaps
  Jessica (D:3)
  A gnoll bouda (D:3)
  Natasha (thrice) (D:3)
  13 orc wizards
  5 hell rats (Lair:3)
  Robin (D:3)
  7 adders
  7 gnolls (D:3)
  A shadow imp (D:6)
  A white imp (D:8)
  2 worms
  3 dart slugs
  29 orcs
  9 ball pythons
  4 endoplasms
  3 giant cockroaches
  12 hobgoblins
  7 jackals
  22 kobolds
  2 quokkas
  6 bats
  3 frilled lizards (D:1)
  10 goblins
  2 rats
  A spectral hobgoblin (D:2)
394 creatures vanquished.

Vanquished Creatures (collateral kills)
  A troll (D:9)
  An acid dragon (D:9)
2 creatures vanquished.

Grand Total: 396 creatures vanquished

Notes
Turn   | Place    | Note
-------+----------+-------------------------------------------
     0 | D:1      | Gargoyl the Gargoyle Berserker began the quest for the Orb.
     0 | D:1      | Reached XP level 1. HP: 14/14 MP: 1/1
   221 | D:1      | Reached XP level 2. HP: 16/19 MP: 2/2
   678 | D:1      | Reached skill level 3 in Axes
   829 | D:2      | Found Kiosuxty's Distillery.
   891 | D:2      | Reached XP level 3. HP: 24/24 MP: 3/3
   946 | D:2      | Reached ** piety under Trog
  1199 | D:2      | Found a faded altar of an unknown god.
  1307 | D:2      | Reached XP level 4. HP: 27/29 MP: 4/4
  1310 | D:2      | Identified the +0 ring mail of the Everdark {Rampage Int+3}
  1362 | D:3      | Noticed Jessica
  1362 | D:3      | Found Akket's General Store.
  1362 | D:3      | Found a sacrificial altar of Ru.
  1370 | D:3      | Killed Jessica
  1372 | D:3      | Reached skill level 4 in Axes
  1398 | D:3      | Noticed a phantom
  1413 | D:3      | Killed a phantom
  1414 | D:3      | Reached XP level 5. HP: 28/34 MP: 5/5
  1459 | D:3      | Gained mutation: You possess an exceptional clarity of
                  | mind. [potion of mutation]
  1513 | D:3      | Reached XP level 6. HP: 19/39 MP: 6/6
  1545 | D:3      | Noticed Natasha
  1555 | D:3      | Killed Natasha
  1556 | D:3      | Reached skill level 5 in Axes
  1624 | D:3      | Noticed Robin
  1634 | D:3      | Killed Robin
  1766 | D:3      | Noticed Natasha
  1778 | D:3      | Killed Natasha
  2049 | D:3      | Bought a scroll of enchant weapon for 82 gold pieces
  2111 | D:3      | Noticed Natasha
  2124 | D:3      | Killed Natasha
  2125 | D:3      | Reached XP level 7. HP: 40/44 MP: 7/7
  2467 | D:4      | Found an ancient bone altar of Kikubaaqudgha.
  2469 | D:4      | Found a shimmering altar of Xom.
  2469 | D:4      | Found a shimmering altar of Xom.
  2471 | D:4      | Found a glowing silver altar of Zin.
  2471 | D:4      | Found an ornate altar of the Wu Jian Council.
  2471 | D:4      | Found a shimmering altar of Xom.
  2644 | D:4      | Reached skill level 6 in Axes
  2859 | D:5      | Entered Level 5 of the Dungeon
  2871 | D:5      | Found a hide-covered altar of Uskayaw.
  2879 | D:5      | Reached *** piety under Trog
  2880 | D:5      | Reached XP level 8. HP: 48/48 MP: 8/8
  2907 | D:5      | Reached skill level 1 in Stealth
  2970 | D:5      | Reached skill level 5 in Fighting
  3123 | D:5      | Found an ornate altar of the Wu Jian Council.
  3128 | D:5      | Identified the +2 ring mail "Wywia" {Stlth+}
  3186 | D:5      | Found a staircase to the Ecumenical Temple.
  3225 | D:5      | Reached skill level 5 in Armour
  3259 | D:5      | Reached skill level 7 in Axes
  4312 | D:7      | Identified the +1 scale mail "Bozxue Uvay" {+Blink rN+++
                  | Str-2 Dex-3}
  4334 | D:7      | Reached XP level 9. HP: 46/54 MP: 9/9
  4412 | D:7      | Reached skill level 1 in Shields
  4414 | D:7      | Reached skill level 8 in Axes
  4505 | D:7      | Found a stormy altar of Qazlal.
  4507 | D:7      | Found a glowing golden altar of the Shining One.
  4511 | D:7      | Found a burning altar of Makhleb.
  4511 | D:7      | Found a shadowy altar of Dithmenos.
  4511 | D:7      | Found an opulent altar of Gozag.
  4511 | D:7      | Found an iron altar of Okawaru.
  4511 | D:7      | Found a glowing silver altar of Zin.
  5076 | D:8      | Identified a scroll of acquirement
  5076 | D:8      | Acquired the +2 helmet of Mamym {Contam rElec rCorr Int+4}
  5188 | D:8      | Reached skill level 9 in Axes
  5252 | D:8      | Noticed Maggie
  5264 | D:8      | Killed Maggie
  5265 | D:8      | Reached XP level 10. HP: 46/61 MP: 10/10
  5499 | D:8      | Found a bloodstained altar of Trog.
  5942 | D:9      | Found a snail-covered altar of Cheibriados.
  6298 | D:9      | Noticed Grum
  6310 | D:9      | HP: 1/61 [Grum/-1 halberd (13)]
  6317 | D:9      | Killed Grum
  6318 | D:9      | Reached skill level 5 in Shields
  6761 | D:10     | Entered Level 10 of the Dungeon
  7036 | D:10     | Noticed a skeletal warrior
  7046 | D:10     | Reached skill level 10 in Axes
  7055 | D:10     | Killed a skeletal warrior
  7066 | D:10     | Reached skill level 5 in Dodging
  7169 | D:10     | Noticed a kobold demonologist
  7176 | D:10     | Killed a kobold demonologist
  7176 | D:10     | Reached **** piety under Trog
  7177 | D:10     | Reached XP level 11. HP: 67/67 MP: 11/11
  7328 | D:10     | Found a staircase to the Lair.
  7485 | Lair:1   | Entered Level 1 of the Lair of Beasts
  8176 | Lair:1   | Noticed Fannar
  8199 | Lair:1   | Killed Fannar
  8393 | Lair:1   | Reached skill level 11 in Axes
  8850 | Lair:2   | Noticed a six-headed hydra
  9173 | Lair:2   | Killed a six-headed hydra
  9435 | Lair:2   | Found a staircase to the Snake Pit.
  9602 | Lair:2   | Reached XP level 12. HP: 75/75 MP: 12/12
  9798 | Lair:2   | Noticed a death yak
  9808 | Lair:2   | Killed a death yak
 10372 | Lair:3   | Reached skill level 12 in Axes
 11135 | Lair:3   | Found a staircase to the Swamp.
 11457 | Lair:4   | Noticed Urug
 11457 | Lair:4   | Found a staircase to the Slime Pits.
 11475 | Lair:4   | Killed Urug
 11476 | Lair:4   | Reached skill level 10 in Fighting
 11476 | Lair:4   | Reached XP level 13. HP: 82/82 MP: 13/13
 11569 | Lair:4   | Reached skill level 10 in Shields
 11925 | Lair:4   | Reached skill level 13 in Axes
 12153 | Lair:5   | Entered Level 5 of the Lair of Beasts
 12959 | Lair:5   | Noticed Sonja
 13232 | Lair:5   | Killed Sonja
 13358 | Lair:5   | Reached skill level 14 in Axes
 13359 | Lair:5   | Gained mutation: Your large and strong wings let you fly.
                  | [Gargoyle growth]
 13359 | Lair:5   | Reached XP level 14. HP: 90/90 MP: 14/14
 13620 | Lair:5   | Identified the ring "Nocy" {Ice rCorr Str+3}
 14242 | D:11     | Found the +4 skin of Zhor {*Englaciate rC+++ SInv}
 14246 | D:11     | Found a staircase to the Orcish Mines.
 15581 | D:13     | Noticed Jorgrun
 15603 | D:13     | HP: 3/91 [Jorgrun/iron shot (17)]
 15603 | D:13     | Constricted to death by Jorgrun

Illustrated notes

Levels and vault maps discovered:
D:1:      dpeg_arrival_chambers_temple_mockup, layout_basic
D:2:      layout_rooms, dreamdust_ecumenical_altar_drowned_temple, serial_shops,
          shop
D:3:      layout_loops_ring, mainiacjoe_overflow_tiny_flanked, serial_shops,
          nicolae_shop_peninsula, eino_tiny_chamber, uniq_natasha, uniq_jessica,
          uniq_robin
D:4:      layout_basic, doesnt_xom_only_xom
D:5:      dreamdust_elfheim, layout_loops_ring,
          nicolae_uskayaw_murder_on_the_dancefloor,
          mainiacjoe_overflow_boulevard, minmay_temple_entry_purple_smoke
D:6:      layout_loops_ring, dk_rats_in_the_wall
D:7:      layout_rooms, grunt_temple_overflow_open
D:8:      layout_rooms, lemuel_round_altar, corexii_leaking_fountain,
          uniq_maggie
D:9:      layout_stronghold, cheibriados_altar_1, uniq_grum
D:10:     kennysheep_ambush_hall, layout_rooms
D:11:     layout_basic, orc_0_dummy
D:12:     layout_stronghold
D:13:     layout_roguey, grunt_vaults_entry_tiered, serial_shops,
          nicolae_shop_tiny_waterfront, uniq_jorgrun
Lair:1:   layout_regular_city, lemuel_fruit_tree, infiniplex_staircase_pool_2,
          grunt_megastairs_1, uniq_fannar
Lair:2:   layout_chaotic_city, dummy_snake_entry,
          grunt_forest_large_clearing_hut
Lair:3:   layout_gridlike, nicolae_swamp_entry_splash_gauntlet, minivault_11,
          beast_lair_carwin_7
Lair:4:   beast_lair_carwin_large_2, layout_misc_corridors, slime_entry_1,
          uniq_urug
Lair:5:   evilmike_catoblepas_cave, layout_loops_ring,
          grunt_forest_small_clearing_treed, uniq_sonja

Skill      XL: |  1  2  3  4  5  6  7  8  9 10 11 12 13 14 |
---------------+-------------------------------------------+-----
Axes           | 3 4 5 6 7 9 10 11 12 14 | 14.3
Fighting       | 4 5 6 7 8 10 11 | 11.8
Dodging        | 2 3 4 5 6 7 |  7.4
Armour         | 3 4 5 6 7 8 9 |  9.2
Stealth        | 1 2 3 4 |  4.4
Shields        | 4 6 8 9 11 12 | 12.2

Action                     |  1- 3 |  4- 6 |  7- 9 | 10-12 | 13-15 || total
---------------------------+-------+-------+-------+-------+-------++-------
  Melee: Hand axe          |    92 |   166 |   356 |   556 |   482 ||  1652
         Punch             |       |     2 |     1 |       |       ||     3
         Short sword       |       |       |       |    10 |       ||    10
 Invoke: Trog's Hand       |       |     5 |     4 |     9 |     7 ||    25
         Berserk           |       |     3 |     8 |    16 |     4 ||    31
         Brothers in Arms  |       |       |       |     1 |     3 ||     4
    Use: Scroll            |     4 |     6 |     5 |    13 |     4 ||    32
         Potion            |       |     5 |     1 |     1 |     1 ||     8
   Stab: Distracted        |       |       |       |     1 |       ||     1
         Sleeping          |       |       |       |       |     2 ||     2
 Armour: Ring mail         |    59 |   100 |   197 |   221 |   182 ||   759
         Animal skin       |     2 |       |       |       |    10 ||    12
         Skin              |       |    48 |       |       |       ||    48
  Dodge: Dodged            |    63 |   115 |   183 |   193 |   160 ||   714
  Block: Tower shield      |       |       |   100 |   375 |   359 ||   834
         Reflection        |       |       |       |       |     7 ||     7

Table legend: (Time is in decaauts)
 A = Elapsed time spent in this place.
 B = Non-inter-level travel time spent in this place.
 C = Inter-level travel time spent in this place.
 D = Time resting spent in this place.
 E = Time spent auto-exploring this place.
 F = Levels seen in this place.
 G = Mean time per level.
                   A        B        C        D        E       F      G
               +--------+--------+--------+--------+--------+-----+--------+
         Total |  15763 |  14924 |    839 |   1028 |  10573 |  18 |  875.7 |
       Dungeon |   9709 |   9077 |    632 |    150 |   6812 |  13 |  746.8 |
          Lair |   6053 |   5846 |    207 |    877 |   3761 |   5 | 1210.6 |
               +--------+--------+--------+--------+--------+-----+--------+

Top non-repeatable levels by time:
  Lair:5: 1489 daAuts
  Lair:3: 1482 daAuts
  Lair:1: 1339 daAuts
     D:3: 1114 daAuts
     D:9: 1077 daAuts
  Lair:2: 1029 daAuts
     D:1: 831 daAuts
    D:12: 829 daAuts
     D:6: 810 daAuts
     D:5: 804 daAuts
    D:10: 801 daAuts
     D:7: 723 daAuts
     D:8: 717 daAuts
  Lair:4: 712 daAuts
    D:11: 706 daAuts
